 Dungeon Crawl Stone Soup version 0.30.1-4-g462c640d31 (webtiles) character file.

Game seed: 5691844363301667880

7637 Descartes the Shield-Bearer (level 11, -10/52 (58) HPs)
             Began as a Vine Stalker Fighter on Aug 25, 2023.
             Was an Initiate of Gozag.
             Killed from afar by an electric eel (13 damage)
             ... with a bolt of electricity
             ... on level 1 of the Lair of Beasts on Sept 1, 2023.
             The game lasted 00:15:51 (7951 turns).

Descartes the Shield-Bearer (Vine Stalker Fighter)  Turns: 7951, Time: 00:15:52

HP:   -10/52 (58)   AC: 16    Str: 22    XL:     11   Next: 18%
MP:   0/19          EV:  9    Int:  8    God:    Gozag
Gold: 231           SH:  6    Dex: 15    Spells: 20/20 levels left

rFire   + + .        q - +4 hand axe (elec)
rCold   . . .        c - +0 buckler
rNeg    . . .        u - +0 fire dragon scales
rPois   .            F - +1 hat
rElec   .            G - scarf {+Inv}
rCorr   .            (no gloves)
SInv    .            t - +0 pair of boots
Will    +....        (no amulet) Stlth
                     j - +4 ring of protection
HPRegen 1.08/turn    N - ring of protection from cold
MPRegen 0.16/turn

%: guardian spirit
@: very slightly contaminated, heavily drained, invisible, very slow
A: fangs 3, regeneration 1, magic shield, antimagic bite, no potion heal 2
a: Renounce Religion, Evoke Invisibility, Potion Petition, Call Merchant, Bribe
Branch


You were on level 1 of the Lair of Beasts.
You worshipped Gozag.
Gozag was aware of your devotion.
You visited 3 branches of the dungeon, and saw 10 of its levels.
You also visited: Sewer.

You collected 976 gold pieces.
You paid 745 gold pieces to Gozag.

Inventory:

Hand Weapons
 q - a +4 hand axe of electrocution (weapon)
 C - a +2 whip of flaming
 O - the +5 rapier "Kakkuss" {flame, rF+ MP+9 Dex+2}
   (You found it on level 1 of the Lair of Beasts)

   Dex:       It affects your dexterity (+2).
   rF:        It protects you from fire.
   MP:        It affects your magic capacity (+9).
Missiles
 a - 17 poisoned darts
 g - a curare-tipped dart
 o - 3 boomerangs of dispersal (quivered)
 x - 6 javelins
 E - 5 throwing nets
 H - 2 boomerangs
Armour
 c - a +0 buckler (worn)
 t - a +0 pair of boots (worn)
 u - +0 fire dragon scales (worn)
 D - the +0 leather armour "Duveh" {Rampage Will- Str+3}
   (You found it on level 7 of the Dungeon)

   Str:       It affects your strength (+3).
   Rampage:   It bestows one free step when moving towards enemies.
   Will:      It decreases your willpower.
 F - a +1 hat (worn)
 G - a scarf of invisibility (worn)
 J - a +2 hat of stealth
 K - a +2 chain mail of cold resistance
Magical Staves
 L - a staff of earth
Jewellery
 j - a +4 ring of protection (left hand)
 N - a ring of protection from cold (right hand)
 P - a +4 ring of protection
Wands
 b - a wand of flame (48)
Scrolls
 e - a scroll of fog
 p - a scroll of teleportation
 s - a scroll of noise {unknown}
 v - 5 scrolls of immolation {unknown}
 y - a scroll of brand weapon {unknown}
 z - 3 scrolls of poison {unknown}
 B - 3 scrolls of enchant weapon
 I - 4 scrolls of identify
 Q - a scroll of blinking
Potions
 d - a potion of might
 f - a potion of invisibility {unknown}
 h - a potion of berserk rage {unknown}
 i - 4 potions of heal wounds
 k - a potion of ambrosia {unknown}
 l - 4 potions of flight
 m - 5 potions of curing
 n - 2 potions of resistance {unknown}
 r - a potion of brilliance {unknown}
 w - a potion of attraction {unknown}
 A - a potion of haste {unknown}
 M - a potion of cancellation {unknown}


   Skills:
 + Level 7.2 Fighting
 + Level 0.3 Short Blades
 + Level 6.9 Axes
 + Level 6.5 Armour
 + Level 7.2 Shields
 - Level 5.0 Spellcasting
 + Level 6.3 Evocations


You had 20 spell levels left.
You didn't know any spells.
Your spell library contained the following spells:

 Spells                   Type           Power      Damage    Failure   Level
 Kiss of Death            Conj/Necr      8%         2d6       65%         1
 Magic Dart               Conj           8%         1d3       65%         1
 Call Imp                 Summ           4%         N/A       80%         2
 Cigotuvi's Dreadful Rot  Necr/Pois/Air  4%         N/A       80%         2
 Confusing Touch          Hex            2%         N/A       95%         3
 Ignite Poison            Fire/Tmut/Pois 2%         N/A       95%         3
 Mephitic Cloud           Conj/Pois/Air  2%         N/A       95%         3
 Vhi's Electric Charge    Tloc/Air       4%         N/A       95%         3
 Dispel Undead            Necr           2%         3d7       100%        4
 Arcjolt                  Conj/Air       1%         1d11      100%        5
 Freezing Cloud           Conj/Ice/Air   1%         6-21      100%        5
 Plasma Beam              Fire/Air       1%         2x1d12    100%        6


Dungeon Overview and Level Annotations

Branches:
Dungeon (8/15)             Temple (1/1) D:7            Lair (1/5) D:8
  Sewer (visited)

Altars:
Cheibriados
Dithmenos
Elyvilon
Fedhas
Gozag
Hepliaklqana
Kikubaaqudgha
Makhleb
Nemelex Xobeh
Okawaru
Qazlal
Ru
Sif Muna
Trog
Vehumet
Wu Jian
Xom
Yredelemnul
Zin
The Shining One

Shops:
D:8 :


Innate Abilities, Weirdness & Mutations

You have razor-sharp teeth.
Your natural rate of healing is unusually fast.
When hurt, damage is shared between your health and your magic reserves.
Your bite disrupts and absorbs the magic of your enemies.
Potions cannot restore your health.


Message History

The electric eel shoots out a bolt of lightning at you!
The bolt of electricity hits you!
No reachable target in view!
Unknown command.
Found a stone staircase leading down.
The electric eel shoots out a bolt of lightning at you!
The bolt of electricity hits you!
The electric eel shoots out a bolt of lightning at you!
The bolt of electricity hits you.
You see here a scroll labelled ELAONO ZORGHAEPH.
The electric eel shoots out a bolt of lightning at you!
The bolt of electricity hits you!
The electric eel shoots out a bolt of lightning at you!
The bolt of electricity hits you!
The electric eel shoots out a bolt of lightning at you!
The bolt of electricity hits you!
You enter the shallow water.
Moving in this stuff is going to be slow.
A water moccasin comes into view.
The water moccasin hisses angrily.
The electric eel shoots out a bolt of lightning at you!
The bolt of electricity misses you. The bolt of electricity hits you!
* * * LOW HITPOINT WARNING * * *
The electric eel shoots out a bolt of lightning at you!
The bolt of electricity hits you.
* * * LOW HITPOINT WARNING * * *
The bolt of electricity hits you!
* * * LOW HITPOINT WARNING * * *
The bolt of electricity hits the electric eel.
The electric eel completely resists.
Your unstable footing causes you to fumble your attack.
You feel drained.
You fade into invisibility!
You are very lightly contaminated with residual magic.
The electric eel shoots out a bolt of lightning at you!
The bolt of electricity hits you!
* * * LOW HITPOINT WARNING * * *
The bolt of electricity hits you!
You die...
Your body crumbles into a pile of gold.

P.####.P...##.....#.....####P....
#.# ###...##....##...... ....#..
.P #...#.....# ....+........
#...##....# )....... ##....#....#
P.....#.. #....##....# .......# .
##.........## ...
#....?~≈~~.#.....
.......~~≈≈≈@S......
......≈~≈≈≈S≈≈~.....
......~≈≈≈≈≈≈≈~~.....
......~~≈≈~~≈≈~......
#......~≈≈..~~.......
.#....~~..>.~......#
#...........#......
..#...........#


You could see a water moccasin and an electric eel.

Vanquished Creatures
  Gastronok (D:8)
  Amaemon (Lair:1)
  Pikel (D:6)
  A cane toad (Lair:1)
  An orange demon (Lair:1)
  Psyche (D:8)
  A komodo dragon (Lair:1)
  Sigmund (D:6)
  A vampire (D:8)
  Eustachio (D:6)
  2 vampire mosquitoes (D:8)
  Edmund (D:6)
  3 water moccasins
  A sky beast (D:6)
  3 black bears
  3 orc warriors
  2 ice beasts
  3 centaurs
  4 lemures (D:6)
  3 phantoms
  3 kobold brigands
  A bullfrog (Lair:1)
  A gnoll sergeant (D:7)
  4 scorpions
  4 wights (D:6)
  3 killer bees (D:8)
  A howler monkey (D:5)
  A quasit (D:8)
  A hound (D:4)
  5 orc priests
  2 jellies
  3 gnoll boudas
  A sleepcap (D:6)
  3 iguanas
  7 orc wizards
  7 adders
  25 gnolls
  3 shadow imps
  4 white imps
  8 ufetubi
  3 worms
  5 dart slugs
  23 orcs
  6 bats
  7 endoplasms
  2 giant cockroaches
  9 goblins
  7 hobgoblins
  A jackal (Sewer)
  A quokka (D:4)
  14 ball pythons
  A frilled lizard (D:2)
  16 kobolds
  8 rats
225 creatures vanquished.

Notes
Turn   | Place    | Note
-------+----------+-------------------------------------------
     0 | D:1      | Descartes the Vine Stalker Fighter began the quest for the
                  | Orb.
     0 | D:1      | Reached XP level 1. HP: 11/11 MP: 2/2
   213 | D:1      | Reached XP level 2. HP: 16/16 MP: 3/3
   934 | D:2      | Reached XP level 3. HP: 15/20 MP: 4/4
   972 | D:2      | Gained mutation: Your natural rate of healing is unusually
                  | fast. [Vine Stalker growth]
   972 | D:2      | Reached XP level 4. HP: 17/24 MP: 5/5
  1081 | D:2      | Found a sacrificial altar of Ru.
  1763 | D:3      | Reached skill level 1 in Evocations
  1855 | D:3      | Reached XP level 5. HP: 28/28 MP: 5/7
  1868 | D:3      | Reached skill level 1 in Spellcasting
  2045 | D:3      | Found a faded altar of an unknown god.
  2579 | D:4      | Noticed a phantom
  2586 | D:4      | Killed a phantom
  2587 | D:4      | Reached XP level 6. HP: 32/32 MP: 7/9
  2990 | D:5      | Entered Level 5 of the Dungeon
  3142 | D:5      | Noticed an ice beast
  3147 | D:5      | Killed an ice beast
  3148 | D:5      | Reached XP level 7. HP: 37/37 MP: 11/11
  3162 | D:5      | Found an ornate altar of the Wu Jian Council.
  3417 | D:5      | Found a glowing drain.
  3432 | D:5      | Gained mutation: You have razor-sharp teeth. [Vine Stalker
                  | growth]
  3432 | D:5      | Reached XP level 8. HP: 29/42 MP: 6/13
  3438 | Sewer    | Entered a sewer
  3766 | Sewer    | Found a white marble altar of Elyvilon.
  4384 | D:6      | Noticed Sigmund
  4412 | D:6      | HP: 2/40 [something (4)]
  4517 | D:6      | Killed Sigmund
  4590 | D:6      | Reached XP level 9. HP: 46/46 MP: 16/16
  4613 | D:6      | Reached skill level 5 in Fighting
  4613 | D:6      | Reached skill level 5 in Shields
  4681 | D:6      | Noticed Pikel
  4724 | D:6      | Killed Pikel
  4774 | D:6      | Noticed Edmund
  4782 | D:6      | Killed Edmund
  4783 | D:6      | Reached skill level 5 in Axes
  4783 | D:6      | Reached skill level 5 in Armour
  4844 | D:6      | Noticed Eustachio
  4858 | D:6      | Killed Eustachio
  4973 | D:6      | Reached skill level 5 in Spellcasting
  5307 | D:6      | Reached XP level 10. HP: 53/53 MP: 18/18
  5389 | D:6      | Found a shimmering blue altar of Sif Muna.
  5654 | D:7      | Found a staircase to the Ecumenical Temple.
  5660 | Temple   | Entered the Ecumenical Temple
  5883 | Temple   | Became a worshipper of Gozag Ym Sagoz the Greedy
  5905 | D:7      | Identified the +0 leather armour "Duveh" {Rampage Will-
                  | Str+3}
  5921 | D:7      | Reached skill level 5 in Evocations
  6695 | D:8      | Noticed Gastronok
  6719 | D:8      | Killed Gastronok
  6945 | D:8      | Found a staircase to the Lair.
  7164 | D:8      | Found a snail-covered altar of Cheibriados.
  7270 | D:8      | Noticed Psyche
  7277 | D:8      | Killed Psyche
  7325 | D:8      | Found Lurott's Book Shoppe.
  7556 | Lair:1   | Entered Level 1 of the Lair of Beasts
  7569 | Lair:1   | Noticed Amaemon
  7569 | Lair:1   | Noticed an orange demon
  7585 | Lair:1   | Killed Amaemon
  7586 | Lair:1   | Reached XP level 11. HP: 8/58 MP: 12/19
  7716 | Lair:1   | Identified the +5 rapier "Kakkuss" {flame, rF+ MP+9 Dex+2}
  7737 | Lair:1   | Identified the +6 ring mail of Lyamuhar {+Inv Int+4 Dex+3}
  7745 | Lair:1   | Found an ancient bone altar of Kikubaaqudgha.
  7951 | Lair:1   | Killed from afar by an electric eel

Illustrated notes

Levels and vault maps discovered:
D:1:      minmay_arrival_radiant_lines, layout_basic
D:2:      minmay_spotlight, layout_basic, basic_altar
D:3:      layout_rooms, dreamdust_ecumenical_altar_grove, grunt_ministairs_2
D:4:      layout_loops_corners, amethyst_killhole
D:5:      layout_loops_corners, nicolae_wu_jian_wuxing_cycle,
          cheibrodos_sewer_entry_drain, st_stairs_3
D:6:      layout_basic, led_sif_pool, minmay_misc_feat_pillars,
          kennysheep_generic_room_6, uniq_sigmund, uniq_eustachio, uniq_pikel,
          uniq_edmund
D:7:      layout_rooms, minmay_temple_entry_ruins
D:8:      layout_gridville, mainiacjoe_overflow_boulevard, lair_entry_dummy,
          serial_shops, shop, serial_demonic, serial_demonic_a,
          serial_demonic_b, serial_demonic_f, serial_demonic_c,
          serial_demonic_g, serial_demonic_g, serial_demonic_e,
          serial_demonic_f, uniq_gastronok, uniq_psyche
Temple:   compressed_dpeg_triangle_lava_temple
Lair:1:   layout_regular_city, basic_altar, hangedman_lair_unloving_vines,
          infiniplex_staircase_pool, uniq_amaemon

Skill      XL: |  1  2  3  4  5  6  7  8  9 10 |
---------------+-------------------------------+-----
Axes           | 2 3 4 5 6 |  6.9
Shields        | 3 4 5 7 |  7.2
Fighting       | 3 4 5 7 |  7.2
Armour         | 3 4 5 6 |  6.5
Evocations     | 1 2 3 4 6 |  6.3
Spellcasting   | 1 2 3 4 5 |  5.0
Short Blades   | |  0.3

Action                     |  1- 3 |  4- 6 |  7- 9 | 10-12 || total
---------------------------+-------+-------+-------+-------++-------
  Melee: War axe           |    37 |    75 |       |       ||   112
         Bite              |     1 |    34 |    62 |    68 ||   165
         Hand axe          |       |    64 |   228 |   196 ||   488
 Invoke: Potion Petition   |       |       |       |     1 ||     1
Ability: Evoke Invisibilit |       |       |       |     2 ||     2
    Use: Scroll            |       |     6 |     3 |       ||     9
         Potion            |       |       |     2 |     2 ||     4
   Stab: Invisible         |       |       |       |     3 ||     3
 Armour: Scale mail        |     8 |       |       |       ||     8
         Chain mail        |     8 |    54 |       |       ||    62
         Fire dragon scale |       |    27 |   134 |   130 ||   291
  Dodge: Dodged            |    20 |    45 |   116 |   112 ||   293
  Block: Buckler           |     5 |    24 |    60 |    66 ||   155
